Cogmind - Beta 13 @@@ ROGUE MODE // 2024.07.18 @ 14:21:44 Player: jimmyl Result: Destroyed by Y-54 Guardian with Gatling Laser Performance ------------- Evolutions (0) 0 Regions Visited (3) 600 Robots Destroyed (18) 90 Value Destroyed (583) 583 Prototype IDs (0) 0 Alien Tech Used (0) 0 Bonus (0) 0 TOTAL SCORE: 1273 Bonus ------- None Cogmind --------- Core Integrity 0/250 Matter 259/300 Energy 65/100 System Corruption 0% Temperature Warm (154) Movement Treading (160) Location -7/Recycling Parts ------- > --- POWER (1) -------- (None) > --- PROPULSION (2) --- Light Treads Light Treads > --- UTILITY (2) ------ Medium Storage Unit Targeting Computer > --- WEAPON (2) ------- (None) > --- INVENTORY (10) --- Improved Aluminum Leg Scrap Engine Improved Heat Sink Makeshift Light Armor Plating Grenade Launcher Enhanced Flamer Peak State ------------ > --- POWER ------------ Ion Engine > --- PROPULSION ------- Improved Aluminum Leg Improved Aluminum Leg > --- UTILITY ---------- Medium Storage Unit Targeting Computer > --- WEAPON ----------- Riot Gun Beam Cannon > --- INVENTORY -------- Light Treads Light Treads Improved Aluminum Leg Scrap Engine Improved Heat Sink Makeshift Light Armor Plating Grenade Launcher Enhanced Flamer [Rating: 14] Favorites ----------- Power Ion Engine Engine Ion Engine Propulsion Improved Aluminum Leg Treads Light Treads Leg Improved Aluminum Leg Utility Targeting Computer Storage Medium Storage Unit Processor Targeting Computer Weapon Beam Cannon Energy Gun Riot Gun Energy Cannon Beam Cannon Ballistic Gun Light Assault Rifle Launcher Grenade Launcher Build | -11 -10 -10 -7 ------- Run | Yrd Mat Sub Rec Slots Evolved . | . . . . Power . | . . . . Propulsion . | . . . . Utility . | . . . . Weapon . | . . . . Parts Attached 18 | . 10 6 2 Power 1 | . . 1 . Engine 1 | . . 1 . Core . | . . . . Reactor . | . . . . Propulsion 6 | . 3 1 2 Treads 2 | . . . 2 Leg 4 | . 3 1 . Wheel . | . . . . Hover . | . . . . Flight . | . . . . Utility 2 | . 2 . . Device . | . . . . Storage 1 | . 1 . . Processor 1 | . 1 . . Hackware . | . . . . Protection . | . . . . Artifact . | . . . . Weapon 9 | . 5 4 . Energy Gun 1 | . . 1 . Energy Cannon 5 | . 3 2 . Ballistic Gun 1 | . 1 . . Ballistic Cannon . | . . . . Launcher 2 | . 1 1 . Special Weapon . | . . . . Impact Weapon . | . . . . Slashing Weapon . | . . . . Piercing Weapon . | . . . . Special Melee Weapon . | . . . . Unidentified Prototypes . | . . . . Parts Lost 9 | . 3 1 5 Power 2 | . . 1 1 Propulsion 4 | . 2 . 2 Utility . | . . . . Weapon 3 | . 1 . 2 Highest Loss Streak 5 | . 1 1 5 To Critical Strikes . | . . . . Average Slot Usage (%) 91 | . 87 95 99 Engine 13 | . 14 13 14 Leg 23 | . 22 23 27 Storage 14 | . 14 14 14 Processor 10 | . 7 14 14 Energy Gun 5 | . 1 9 14 Energy Cannon 19 | . 21 18 14 Ballistic Gun 2 | . 5 . . Naked Turns . | . . . . Heaviest Build 21 | 13 21 21 21 Greatest Support 26 | 20 26 26 26 Greatest Overweight (x) 1 | . 1 1 1 Average Overweight (x) . | . . . . Largest Inventory Capacity 10 | . 10 10 10 Average Capacity 9 | . 8 10 10 Most Carried 9 | . 9 9 9 Average Carried 7 | . 7 7 8 Final Capacity 10 | 8 10 10 10 Final Carried 8 | 6 8 7 7 Class Distribution -------------------- 100% | Mutant Dominant Class ---------------- Mutant | -10/Materials Mutant | -10/Subcaves Mutant | -7/Recycling Resources | -11 -10 -10 -7 ----------- Run | Yrd Mat Sub Rec Matter Collected 450 | 169 146 135 . Remotely . | . . . . Salvage Created 553 | . 460 93 . Parts 33 | . 29 4 . Haulers Intercepted . | . . . . Recyclers Shooed 1 | . 1 . . Parts Field Recycled . | . . . . Retrieved Matter . | . . . . Parts Self-Destructed 15 | . . 15 . Prevented . | . . . . Kills | -11 -10 -10 -7 ------- Run | Yrd Mat Sub Rec Combat Hostiles Destroyed 11 | . 9 2 . Guns 6 | . 6 . . Cannons 3 | . 1 2 . Classes Destroyed 6 | . 4 2 . Tunneler 1 | . 1 . . Operator 1 | . 1 . . Turret 2 | . . 2 . Watcher 3 | . 3 . . Grunt 9 | . 9 . . Subdweller 2 | . . 2 . Best Kill Streak 3 | . 3 2 . Combat Bots Only 3 | . 3 1 . Max Kills in Single Turn 1 | . 1 1 . Gunslinging . | . . . . Exploded . | . . . . Melee . | . . . . Uniques/NPCs Destroyed . | . . . . Combat | -11 -10 -10 -7 -------- Run | Yrd Mat Sub Rec Hostile Shots Fired 138 | . 48 42 48 Missed 28 | . 9 12 7 Damage Taken 1362 | . 585 465 312 Core 251 | . 116 54 81 Absorbed by Shields . | . . . . Core Remaining (%) 100 | 100 . . . Volleys Fired 74 | . 55 14 5 Largest 2 | . 2 2 2 Hottest 120 | . 120 120 110 Shots Fired 132 | . 101 24 7 Gun 66 | . 64 . 2 Cannon 55 | . 30 20 5 Launcher 11 | . 7 4 . Special . | . . . . Kinetic 61 | . 61 . . Thermal 55 | . 30 20 5 Explosive 11 | . 7 4 . Electromagnetic 5 | . 3 . 2 Robot Hit Streak 24 | . 17 24 4 Robot Miss Streak 2 | . 2 . 2 Penetration Max . | . . . . Secondary Targets . | . . . . Shots Hit Robots 91 | . 66 20 5 Core Hits 35 | . 24 10 1 Critical Kills 2 | . 2 . . Critical Parts Destroyed 2 | . 2 . . Critical Strikes 4 | . 4 . . Meltdown 2 | . 2 . . Destroy 2 | . 2 . . Melee Attacks . | . . . . Impact . | . . . . Slashing . | . . . . Piercing . | . . . . Sneak Attacks . | . . . . Combat Hostiles . | . . . . Follow-up Attacks . | . . . . Damage Inflicted 1281 | . 896 293 92 Guns 429 | . 410 . 19 Cannons 511 | . 266 175 70 Explosions 327 | . 209 118 . Melee . | . . . . Ramming 14 | . 11 . 3 Kinetic 385 | . 385 . . Thermal 680 | . 435 175 70 Explosive 158 | . 40 118 . Electromagnetic 44 | . 25 . 19 Impact . | . . . . Slashing . | . . . . Piercing . | . . . . Highest Corruption . | . . . . Average Corruption . | . . . . Corruption Purged . | . . . . Corruption Blocked . | . . . . Overload Shots . | . . . . Overflow Damage 71 | . 71 . . Projectiles 22 | . 22 . . Explosions 49 | . 49 . . Melee . | . . . . Knockbacks . | . . . . Impact . | . . . . Kinetic . | . . . . Secondary . | . . . . Self-Inflicted Damage 98 | . 98 . . Shots 3 | . 3 . . Rammed . | . . . . Targets Rammed 5 | . 4 . 1 Kicked 5 | . 4 . 1 Crushed . | . . . . Highest Temperature 192 | . 192 31 173 Average Temperature 49 | . 47 16 105 Received Heat Transfer 462 | . 270 102 90 Siege Activations . | . . . . Robots Corrupted . | . . . . Combat Hostiles . | . . . . Parts Fried . | . . . . Impact Corruptions . | . . . . Robots Melted 2 | . 2 . . Combat Hostiles 2 | . 2 . . Parts Melted 2 | . 2 . . Heat Transferred 1173 | . 655 370 148 Parts Sabotaged . | . . . . Parts Stolen . | . . . . Parts Stripped . | . . . . Power Chain Reactions . | . . . . Alert | -11 -10 -10 -7 ------- Run | Yrd Mat Sub Rec Peak Influence 638 | . 170 . 638 Initial 631 | . . . 631 Average 192 | . 71 . 634 Maximum Alert Level 2 | . . . 2 Low Security (%) 78 | . 100 . . Level 1 . | . . . . Level 2 21 | . . . 100 Level 3 . | . . . . Level 4 . | . . . . Level 5 . | . . . . High Security . | . . . . Max Security . | . . . . Squads Dispatched 3 | . 3 . . Investigation 1 | . 1 . . Extermination . | . . . . Reinforcement 2 | . 2 . . Assault . | . . . . Garrison . | . . . . Intercept . | . . . . Searches Triggered . | . . . . Construction Impeded . | . . . . Haulers Reinforced . | . . . . Active Scanning Responses . | . . . . Cargo Convoy Interrupts . | . . . . Stealth | -11 -10 -10 -7 --------- Run | Yrd Mat Sub Rec Distress Signals . | . . . . Communications Jammed . | . . . . Distress Signals . | . . . . Times Spotted 104 | . 16 87 1 Peak Tracking Total 6 | . 5 6 1 Tactical Retreats 5 | . . 5 . Traps | -11 -10 -10 -7 ------- Run | Yrd Mat Sub Rec Traps Triggered 1 | . 1 . . Indirectly . | . . . . Trap Hack Attempts . | . . . . Triggered . | . . . . Disarmed . | . . . . Reprogrammed . | . . . . Reused . | . . . . Traps Extracted . | . . . . Installed . | . . . . Triggered . | . . . . Machines | -11 -10 -10 -7 ---------- Run | Yrd Mat Sub Rec Machines Disabled 6 | . 4 2 . Max in Single Turn 3 | . 3 2 . Machines Repaired . | . . . . Machines Dismantled . | . . . . Machines Sabotaged . | . . . . Overloaded Fab Kills . | . . . . Hacking | -11 -10 -10 -7 --------- Run | Yrd Mat Sub Rec Machines Accessed 5 | . 3 . 2 Terminals 5 | . 3 . 2 Fabricators . | . . . . Repair Stations . | . . . . Recycling Units . | . . . . Scanalyzers . | . . . . Garrison Access . | . . . . Total Hacks 11 | . 5 . 6 Successful 2 | . 1 . 1 Failed 9 | . 4 . 5 Catastrophic 3 | . 1 . 2 Database Lockouts . | . . . . Manual 2 | . 2 . . Terminals 11 | . 5 . 6 Fabricators . | . . . . Repair Stations . | . . . . Recycling Units . | . . . . Scanalyzers . | . . . . Garrison Access . | . . . . Terminal Hacks 2 | . 1 . 1 Part Schematic 1 | . . . 1 Hauler Manifests 1 | . 1 . . Fabricator Hacks . | . . . . Repair Station Hacks . | . . . . Recycling Unit Hacks . | . . . . Scanalyzer . | . . . . Garrison Access Hacks . | . . . . Unauthorized Hacks . | . . . . Terminals . | . . . . Fabricators . | . . . . Repair Stations . | . . . . Recycling Units . | . . . . Scanalyzers . | . . . . Garrison Access . | . . . . Data Cores Recovered . | . . . . Used . | . . . . Hacking Detections 5 | . 3 . 2 Full Trace Events . | . . . . Feedback Events . | . . . . Feedback Blocked . | . . . . Robot Schematics Acquired . | . . . . Robots Built . | . . . . Authchips . | . . . . Time . | . . . . Total Robot Build Rating . | . . . . Part Schematics Acquired 1 | . . . 1 Parts Built . | . . . . Authchips . | . . . . Time . | . . . . Total Part Build Rating . | . . . . Parts Repaired . | . . . . Time . | . . . . Parts Recycled . | . . . . Recycled Matter . | . . . . Retrieved Matter . | . . . . Retrieved Components . | . . . . Parts Scanalyzed . | . . . . Part Schematics Acquired . | . . . . Parts Damaged . | . . . . Bothacking | -11 -10 -10 -7 ------------ Run | Yrd Mat Sub Rec Used RIF Installer . | . . . . Robots Hacked . | . . . . Non-combat . | . . . . Combat . | . . . . Robot Hacks Applied . | . . . . Relay Couplers Released . | . . . . Fabnet Peak Effective % . | . . . . Robots Rewired . | . . . . Allies Hacked . | . . . . Hacks Repelled . | . . . . Allies | -11 -10 -10 -7 -------- Run | Yrd Mat Sub Rec Total Allies . | . . . . Largest Group . | . . . . Highest-Rated Group . | . . . . Highest-Rated Ally . | . . . . Total Orders . | . . . . Ally Attacks . | . . . . Total Damage . | . . . . Kills . | . . . . Allies Corrupted . | . . . . Allies Melted . | . . . . Intel | -11 -10 -10 -7 ------- Run | Yrd Mat Sub Rec Robot Analysis Total . | . . . . Derelict Logs Recovered . | . . . . Drone Launches . | . . . . Drone Recoveries . | . . . . Exploration | -11 -10 -10 -7 ------------- Run | Yrd Mat Sub Rec Turns Passed 2018 | . 1105 610 303 Spaces Moved 1216 | 1 613 363 239 Core . | . . . . Treads . | . . . . Legs 1216 | 1 613 363 239 Wheels . | . . . . Hover . | . . . . Flight . | . . . . Fastest Speed 120 | 120 120 120 120 Average Speed 130 | 120 132 134 120 Slowest Speed 190 | 120 190 190 190 Overloaded Moves . | . . . . Propulsion Burnouts . | . . . . Robots Hopped . | . . . . Cave-ins Triggered . | . . . . Exploration Rate (%) 43 | 1 99 17 58 Regions Visited 3 Branch Regions 2 Pre-discovered Areas . | . . . . Known Exits Taken . | . . . . Unknown Exits Taken 3 | 1 1 1 . Scrap Searched 2 | . . 2 . Spaces Dug 6 | . 6 . . Terrain Destroyed 74 | . 70 4 . Melee . | . . . . Projectile . | . . . . AOE 74 | . 70 4 . Terrain Rammed . | . . . . Walls Destroyed . | . . . . Machines Disabled . | . . . . Actions | -11 -10 -10 -7 --------- Run | Yrd Mat Sub Rec Total 1523 | . 816 459 248 Wait 189 | . 117 72 . Move 1213 | . 612 362 239 Hop . | . . . . Pick Up 13 | . 9 3 1 Fast Attach 4 | . 4 . . Attach 6 | . 1 3 2 Detach . | . . . . Swap 8 | . 5 3 . Drop 11 | . 9 2 . Fire 74 | . 55 14 5 Melee . | . . . . Ram . | . . . . Kick 5 | . 4 . 1 Crush . | . . . . Escape Stasis . | . . . . Rewire . | . . . . Trap . | . . . . Miscellaneous . | . . . . Route ------- -11/Scrapyard -10/Materials (discovered 6 exits: [*Mat x3] / [*Min x2] / [*Sub]) -10/Subcaves (discovered 2 exits: [*Mat] / *Rec) -7/Recycling History --------- Turn | Location | Event 1 | -11/Scrapyard | Discovered new exit (range 0) 1 | -11/Scrapyard | Entered Materials 247 | -10/Materials | Discovered new exit (range 15) 318 | -10/Materials | Build established: Mutant 432 | -10/Materials | Discovered new exit (range 15) 651 | -10/Materials | Discovered new exit (range 13) 769 | -10/Materials | Discovered new exit (range 13) 938 | -10/Materials | Discovered new exit (range 12) 1082 | -10/Materials | Discovered new exit (range 8) 1106 | -10/Materials | Entered Subcaves 1268 | -10/Subcaves | Core integrity fell below 50% 1346 | -10/Subcaves | Discovered new exit (range 8) 1551 | -10/Subcaves | Shifting Twisted Machinery released Mak. Light Armor Plating 1556 | -10/Subcaves | Shifting Twisted Machinery released Battle Cannon 1586 | -10/Subcaves | Ambushed by Subdwellers from Twisted Machinery 1625 | -10/Subcaves | Discovered new exit (range 14) 1716 | -10/Subcaves | Entered Recycling 1719 | -7/Recycling | Found Scrap Engine 2008 | -7/Recycling | Core integrity fell below 20% 2019 | -7/Recycling | Destroyed by Y-54 Guardian with Gatling Laser Last Messages --------------- 01707_ Acquired 20 matter. A mysterious object appears at your location! LOCATION=UNKNOWN GOAL=ESCAPE 01719_ Acquired Scrap Engine. 01822_ Connecting with Terminal... 01822_ Current location identified: Recycling >>Schematic(Imp. Remote Datajack) Downloading schematic... Imp. Remote Datajack Rating: 6 Schematic downloaded. 01879_ Connecting with Terminal... 01906_ Kicked R-06 Scavenger. 02003_ Y-54 Guardian springs to life. 02003_ Imp. Aluminum Leg destroyed. 02010_ Riot Gun destroyed. 02016_ Imp. Aluminum Leg destroyed. 02016_ Beam Cannon destroyed. 02016_ Ion Engine destroyed. Map ----- +----------------------------------------------------+ | ????????????# #??????????????? | | ????????????# #??????????????? | | ????????????# #??????????????? | | ????????????# #?############?? | | ????????????# #?# #?? | | ????????????# #?# #?? | | ????????????# ### #?? | | ???????????## ## """"" #?? | | ???????????# ### """"" #?? | | ??Y"##############+#+### """"" #?? | | ? # #?? | | ? / """"" #?? | | ? # """"" #?? | | ? ? ####+####### """ # """"" #?? | | ? ?????????????# """ # #?? | | ? ?????????????# """ # """"" #?? | | ? ?????????????# # """"" #?? | | # #????????????# # """"" #?? | | #????????????# """ # #?? | | # #????????????# """ ##+#"T"#####?? | | # #????????????# """ #"""#?????? | | # #????????????# #####?????? | | # #????????????# #?????????? | | # ############## """ #?????????? | | # """ ##????????? | | #+############## """ @Y#????????? | | # ## ##????????? | | # ## ??????? | | # """ """ """ ##r########## ??????? | | # """ """ """ ## #?????????? ??????? | | # """ """ """ ##+########??? #?????? | | # ## #??? ?????? | | ######/######+## #??? ?????? | | # # #??? ??????? | | # # #??# ??????? | | # """ """ # #??# ??????? | | # """ """ # #?? ??????? | | # """ """ + ##?# ??????? | | # """ """ # #?# ??????? | | " """ """ # ##?# #??????? | | " ##### ####??# #??????? | | T #?????#?????# #??????? | | " """ """ #?????#######+##???##? | | " """ """ ""????# #?? ?? | | # """ """ ""#???# #?? #?? | | # """ """ T"#???# #? #?? | | # """ """ ""#???# ## #?? | | # ""#??## + #?? | | # ##???# #####?? | | # """ """ #????## #?????? | +----------------------------------------------------+ Best States ------------- Heat Dissipation 25 Energy Generation 10 Energy Capacity 250 Matter Stores 300 Matter Capacity 300 Sight Range 16 Terrain Scan Density 10 Evasion (%) 55 Targeting Accuracy 5 Item Schematics ----------------- Imp. Remote Datajack | -7/Recycling | Hacked Robot Schematics ------------------ None Fabricated ------------ Nothing Alien Tech Used ----------------- None Achievements -------------- None Challenges ------------ None Game ------ Seed DamperHybridWand Manual? 0 Play Time 00:11:55 Cumulative 69.0 hours Start 2024.07.18 @ 14:10:46 End 2024.07.18 @ 14:21:44 Sessions 1 Manual Loads 0 Difficulty Rogue Special Mode None Game No. 119 Rogue 119 Adventurer 0 Explorer 0 Win Type - Total 0 Types 0/0/0/0/0/0/0/0/0 Lore% 47 Gallery% 57 Achievement% 41 Wizard Run 0 Options --------- Layout 1 ASCII 0 Keyboard 0 Movement Mouse Keybinds 0 Fullscreen 2 Font 20/SmallcapsGlow Map View 54x42 Zoom Use 0% Tactical HUD 1 Map Filters NONE Filters NONE Steam 0 RUN: f1aa4d10-0f3c-4362-afa9-3d63b685fee0